Description

This build order in really easy to execute. He is designed safe and macro oriented. There is many scout timing and you can adapt to your opponent all game long.

The goal is to do a standard Gate Expand opening and then go to a fast Colossus playstyle (which is very safe against Terran).

This build can be done in all league. It's design to be really strong in defense and works against every kind of protoss build order (cheese, all-in macro).

Few tips :

  • With your scouting probe : Check the number of gas and if the Terran do an expand at 1,45.
  • Hide your scouting probe and scout against at 2,15.
  • Always do a wall on the path of the reaper if you can
  • In case of agressive playstyle (like fast marauder for example), do a fast shield battery at your natural
  • Add your double forge after the first push (most of the time, around 6min)
  • Try to take your third base before 5min
  • On your robotic, you can do an observer first and put it in front of your opponent natural expand
  • Go to colossus fast (robotic bay as soon as the robotic is finished))
  • Add pylons on edge of your main base: It's really important in case of drops
  • If you are behind, don't attack your opponent. He will have the defensive advantage

If you have any questions, you can ask them in the comment section below.

VOD

https://youtu.be/yxCHOm14FMg

Replay - PvT macro

Build Order

Get SALT Encoding   

  12  0:01  Probe  
  13  0:13  Probe  
  14  0:18  Pylon  
  14  0:21  Probe  
  15  0:32  Probe  
  15  0:38  Gateway  
  16  0:44  Probe  
  16  0:47  Assimilator  
  17  0:55  Probe  
  18  1:03  Probe  
  19  1:11  Probe  
  20  1:26  Nexus  
  20  1:39  Cybernetics Core  
  20  1:42  Assimilator  
  20  1:44  Probe  
  21  1:55  Pylon  
  21  1:56  Probe  
  22  2:06  Stalker  
  25  2:16  Warp Gate  
  26  2:36  Stalker  
  30  2:45  Robotics Facility  
  31  2:54  Pylon  
  35  3:15  Shield Battery  
  36  3:26  Gateway  
  37  3:29  Observer  
  37  3:38  Robotics Bay  
  40  3:45  Assimilator  
  40  3:49  Gateway  
  40  3:54  Warp Prism  
  44  4:05  Stalker  
  48  4:14  Pylon  
  48  4:19  Colossus  
  48  4:20  Observer  
  50  4:24  Stalker  
  50  4:27  Pylon  
  50  4:29  Stalker  
  50  4:30  Gravitic Drive  
  62  4:50  Stalker  
  66  5:10  Colossus  
  66  5:12  Nexus  
  73  5:29  Twilight Council  
  73  5:35  Extended Thermal Lance  
  73  5:36  Assimilator  
  73  5:42  Zealot  
  77  6:00  Charge  
  79  6:11  Forge x2  
  79  6:12  Colossus  
  86  6:25  Gateway  
  91  6:46  Protoss Ground Armor Level 1, Protoss Ground Weapons Level 1, Zealot x3  
  101  7:01  Photon Cannon  
  101  7:07  Shield Battery x2  
  101  7:08  Immortal  
  105  7:14  Shield Battery  
  104  7:17  Zealot x3  
  110  7:28  Zealot  
  110  7:29  Shield Battery  
  110  7:39  Zealot x2  
  104  7:54  Immortal  
  109  8:06  Gateway x2  
  109  8:11  Assimilator x2  
  109  8:16  Templar Archives  
  115  8:28  Immortal  
  115  8:33  Protoss Ground Armor Level 2  
  115  8:34  Protoss Ground Weapons Level 2  
  128  8:55  Photon Cannon, High Templar x4  
  128  9:02  Gateway x2  
  136  9:06  Archon x2  
  136  9:09  Observer  
  136  9:12  Gateway  
  136  9:14  High Templar x2  
  141  9:37  Observer  
  142  9:44  Gateway  
  142  9:45  High Templar x4  
  146  9:49  Archon x3  
  154  9:59  Nexus  
Spawning Tool Build Advisor. Get it on Overwolf

Go to:

Details

  • Created by: zuka      
  • Published on: May 06, 2019
  • Modified on: May 06, 2019
  • Patch: 4.7.1
Show
View Real Time Build Order
Export as new Build Order

Comments (0)

There are no comments. Be the first!

Create an account to comment!